 Dungeon Crawl Stone Soup version 0.13-a0-2643-gffe6e9f (webtiles) character file.

177 M4edhros the Magician (level 4, -1/28 HPs)
             Began as an Octopode Wanderer on Aug 8, 2013.
             Slain by an orc
             ... wielding a -1,+0 orcish dagger
              (3 damage)
             ... on Level 3 of the Dungeon.
             The game lasted 00:01:35 (1231 turns).

M4edhros the Magician (Octopode Wanderer)           Turns: 1231, Time: 00:01:35

HP  -1/28        AC  1     Str  9      XL: 4   Next: 37%
MP   8/8         EV 11     Int 15      God:
Gold 98          SH  0     Dex 13      Spells:  1 memorised,  9 levels left

Res.Fire  : . . .   See Invis. : .   b - +0 spear
Res.Cold  : . . .   Warding    : .   (no shield)
Life Prot.: . . .   Conserve   : .   (helmet restricted)
Res.Poison: .       Res.Corr.  : .   (no amulet)
Res.Elec. : .       Clarity    : .   (no ring)
Sust.Abil.: . .     Spirit.Shd : .   (no ring)
Res.Mut.  : .       Stasis     : .   (no ring)
Res.Rott. : .       Flight     : .   (no ring)
Saprovore : . . .                    (no ring)
                                     (no ring)
                                     (no ring)
                                     (no ring)

@: slightly resistant to hostile enchantments, fairly stealthy
A: almost no armour, amphibious, 8 rings, constrict 8, camouflage 1, AC +1
a: no special abilities


You were on level 3 of the Dungeon.
You were hungry.

You visited 1 branch of the dungeon, and saw 4 of its levels.

You collected 48 gold pieces.

Inventory:

Hand weapons
 b - a +0,+0 spear (weapon)
Missiles
 h - 25 sling bullets
Comestibles
 d - a bread ration
Scrolls
 c - a scroll of amnesia {unknown}
 e - a scroll of remove curse {unknown}
 f - a scroll of blinking {unknown}
 g - a scroll of identify {unknown}
Books
 a - a book of Minor Magic

   Spells                             Type                      Level
   Magic Dart                         Conjuration                  1
   Blink                              Translocation                2
   Call Imp                           Summoning                    2
   Repel Missiles                     Charms/Air                   2
   Slow                               Hexes                        2
   Conjure Flame                      Conjuration/Fire             3
   Mephitic Cloud                     Conjuration/Poison/Air       3


   Skills:
 - Level 3.0 Fighting
   Level 1.0 Shields
 + Level 3.7 Spellcasting
   Level 1.0 Charms
   Level 3.0 Summonings
   Level 1.1 Evocations


You had 9 spell levels left.
You knew the following spells:

 Your Spells              Type           Power        Failure   Level  Hunger
a - Apportation           Tloc           #.........   21%         1    None


Dungeon Overview and Level Annotations

Branches:
Dungeon (4/27)
 Temple: D:4-7

Altars:

Annotations
D:4 Blork the orc


Innate Abilities, Weirdness & Mutations

You cannot wear most types of armour.
You are amphibious.
You can wear up to eight rings at the same time.
You can use your tentacles to constrict many enemies at once.
Your skin changes colour to match your surroundings (Stlth).
Your rubbery body absorbs attacks (AC +1).


Message History

You constrict the orc.
You kill the orc!
The orc hits you from afar with an orcish trident.
You hit the orc.
You kill the orc!
The orc barely misses you. The orc closely misses you.
You barely miss the orc. Your grab misses the orc. The orc closely misses you.
The orc misses you. The orc hits you with an orcish dagger.
The orc hits you but does no damage. The orc misses you.
You hit the orc but do no damage. You grab the orc.
Your squeeze misses the orc.
You constrict the orc, but do no damage.
The orc hits you with an orcish dagger. The orc closely misses you.
The orc hits you from afar with an orcish trident.
You release your grip on the orc.
The orc barely misses you.
The orc hits you from afar with an orcish trident!
* * * LOW HITPOINT WARNING * * *
The orc hits you with an orcish dagger.
You die...

#.....
#......
#.......
#........
#........
+........
#..o......
#oo....#
##@#########
#..........#
#..........#
#..........#
#..........#
#.....)....#
#..........#
+..........#
#..........#


You could see 3 orcs.

Vanquished Creatures
  An orc priest (D:3)
  2 adders
  2 giant geckos (D:1)
  5 orcs (D:3)
  A bat (D:1)
  3 hobgoblins (D:1)
  3 jackals (D:3)
  A giant cockroach (D:1)
  2 goblins (D:1)
  4 kobolds (D:1)
  A rat (D:1)
25 creatures vanquished.

Notes
Turn   | Place    | Note
--------------------------------------------------------------
     0 | D:1      | M4edhros, the Octopode Wanderer, began the quest for the Orb.
     0 | D:1      | Reached XP level 1. HP: 12/12 MP: 2/2
   147 | D:1      | Reached XP level 2. HP: 6/18 MP: 3/3
   443 | D:2      | Reached XP level 3. HP: 17/23 MP: 6/6
   746 | D:4      | Noticed Blork the orc
   792 | D:3      | Reached XP level 4. HP: 28/28 MP: 8/8
  1004 | D:3      | Paralysed by a potion of paralysis for 4 turns
  1231 | D:3      | Slain by an orc

Action                   |  1- 3 |  4- 6 || total
-------------------------+-------+-------++-------
Melee: Spear             |    50 |    23 ||    73
  Use: Potion            |     3 |     1 ||     4
 Stab: Sleeping          |     2 |       ||     2
